TOP OF THE 1ST |
Topeka Tornados batting - Pitching for Detroit X-Wings : LHP Keith Jennings
|
Pitching: LHP Keith Jennings
|
|
Batting: SHB Javier Peña
|
0-0: Called Strike 0-1: Called Strike 0-2: Ball 1-2: Ball 2-2: Ball 3-2: Foul Ball, location: 2F 3-2: Foul Ball, location: 2F 3-2: Fly out, F6 (Popup, 6)
|
Batting: SHB José González
|
0-0: Ball 1-0: Ball 2-0: Foul Ball, location: 2F 2-1: Called Strike 2-2: Ball 3-2: Foul Ball, location: 2F 3-2: Base on Balls
|
Batting: RHB Miguel García
|
0-0: Ball 1-0: Grounds into double play, 4-6-3 (Groundball, 4)
|
Top of the 1st over - 0 run(s), 0 hit(s), 0 error(s), 0 left on base; Topeka 0 - Detroit 0 |
BOTTOM OF THE 1ST |
Detroit X-Wings batting - Pitching for Topeka Tornados : RHP Eric Hunt
|
Pitching: RHP Eric Hunt
|
|
Batting: RHB Júlio López
|
0-0: Called Strike 0-1: Swinging Strike 0-2: Ball 1-2: Strikes out looking
|
Batting: RHB Gary Witt
|
0-0: Swinging Strike 0-1: Ball 1-1: Swinging Strike 1-2: Ball 2-2: Ball 3-2: Fly out, F7 (Flyball, 78M)
|
Batting: LHB Juan Jose Pineda
|
0-0: Ball 1-0: Called Strike 1-1: Ball 2-1: Fly out, F7 (Flyball, 7LM)
|
Bottom of the 1st over - 0 run(s), 0 hit(s), 0 error(s), 0 left on base; Topeka 0 - Detroit 0 |
TOP OF THE 2ND |
Topeka Tornados batting - Pitching for Detroit X-Wings : LHP Keith Jennings
|
Batting: LHB José López
|
0-0: Ball 1-0: Fly out, F3 (Line Drive, 3L)
|
Batting: LHB Ramón Pérez
|
0-0: Ball 1-0: Swinging Strike 1-1: Ball 2-1: Ground out 4-3 (Groundball, 34D)
|
Batting: RHB Bob Hall
|
0-0: Swinging Strike 0-1: Ball 1-1: Foul Ball, location: 2F 1-2: Strikes out swinging
|
Top of the 2nd over - 0 run(s), 0 hit(s), 0 error(s), 0 left on base; Topeka 0 - Detroit 0 |
BOTTOM OF THE 2ND |
Detroit X-Wings batting - Pitching for Topeka Tornados : RHP Eric Hunt
|
Batting: RHB Robby Lewis
|
0-0: Called Strike 0-1: DOUBLE (Line Drive, 9LM)
|
Batting: RHB John Moore
|
0-0: Ball 1-0: Ball 2-0: Called Strike 2-1: SINGLE (Groundball, 6MD) Robby Lewis to third Runner from 3rd tries for Home, SAFE, no throw
|
Batting: RHB Jaime Contreras
|
0-0: Ball 1-0: Foul Ball, location: 2F 1-1: Fly out, F9 (Flyball, 9)
|
Batting: SHB Felipe Detorres
|
0-0: Ground out U3 (Groundball, 3L) John Moore to second
|
Batting: RHB Oliver Acevedo
|
0-0: SINGLE (Flyball, 78S) John Moore to third Runner from 3rd tries for Home, SAFE, no throw
|
Batting: LHB Paul Alston
|
0-0: Ball 1-0: Fielders Choice at 2nd, 6-4 (Groundball, 6)
|
Bottom of the 2nd over - 2 run(s), 3 hit(s), 0 error(s), 0 left on base; Topeka 0 - Detroit 2 |
TOP OF THE 3RD |
Topeka Tornados batting - Pitching for Detroit X-Wings : LHP Keith Jennings
|
Batting: RHB Cho-yun Qiao
|
0-0: Ball 1-0: Called Strike 1-1: Swinging Strike 1-2: Fly out, F9 (Flyball, 9S)
|
Batting: LHB Alfredo Sánchez
|
0-0: Ball 1-0: Called Strike 1-1: Fly out, F8 (Flyball, 8RD)
|
Batting: RHB Desi Thompson
|
0-0: Ball 1-0: TRIPLE (Line Drive, 8LXD)
|
Batting: SHB Javier Peña
|
0-0: Ground out 6-3 (Groundball, 6M)
|
Top of the 3rd over - 0 run(s), 1 hit(s), 0 error(s), 1 left on base; Topeka 0 - Detroit 2 |
BOTTOM OF THE 3RD |
Detroit X-Wings batting - Pitching for Topeka Tornados : RHP Eric Hunt
|
Batting: RHB Júlio López
|
0-0: Ball 1-0: Reached on error, E4 (Groundball, 4M)
|
Batting: RHB Gary Witt
|
0-0: Ball 1-0: Ground out 6-3 (Groundball, 56D) Júlio López to second
|
Batting: LHB Juan Jose Pineda
|
0-0: Ball 1-0: Called Strike 1-1: SINGLE (Groundball, 34) (infield hit) Júlio López to third
|
Batting: RHB Robby Lewis
|
0-0: Called Strike Juan Jose Pineda steals 2nd base 0-1: Foul Ball, location: 2F 0-2: Ball 1-2: Foul Ball, location: 2F 1-2: SINGLE (Groundball, 34) (infield hit) Júlio López scores Juan Jose Pineda to third
|
Batting: RHB John Moore
|
0-0: Ball 1-0: Ball 2-0: Ball 3-0: Called Strike 3-1: Foul Ball, location: 2F 3-2: Fielders Choice at 2nd, 5-4 (Groundball, 56) Juan Jose Pineda scores
|
Batting: RHB Jaime Contreras
|
0-0: Called Strike John Moore is caught stealing 2nd base
|
Bottom of the 3rd over - 2 run(s), 2 hit(s), 1 error(s), 0 left on base; Topeka 0 - Detroit 4 |
TOP OF THE 4TH |
Topeka Tornados batting - Pitching for Detroit X-Wings : LHP Keith Jennings
|
Batting: SHB José González
|
0-0: Ball 1-0: Ball 2-0: Called Strike 2-1: Swinging Strike 2-2: Ball 3-2: Foul Ball, location: 2F 3-2: Strikes out swinging
|
Batting: RHB Miguel García
|
0-0: Hit by Pitch
|
Batting: LHB José López
|
0-0: Ball 1-0: Ball 2-0: DOUBLE (Line Drive, 3D) Miguel García to third
|
Batting: LHB Ramón Pérez
|
0-0: Ball 1-0: Called Strike 1-1: Ball 2-1: Called Strike 2-2: Fly out, F8 (Flyball, 8RS)
|
Batting: RHB Bob Hall
|
0-0: Ball 1-0: Called Strike 1-1: Fly out, F2 (Popup, 23)
|
Top of the 4th over - 0 run(s), 1 hit(s), 0 error(s), 2 left on base; Topeka 0 - Detroit 4 |
BOTTOM OF THE 4TH |
Detroit X-Wings batting - Pitching for Topeka Tornados : RHP Eric Hunt
|
Batting: RHB Jaime Contreras
|
0-0: Ball 1-0: Called Strike 1-1: Ball 2-1: Ball 3-1: Foul Ball, location: 2F 3-2: Ground out 6-3 (Groundball, 6M)
|
Batting: SHB Felipe Detorres
|
0-0: Called Strike 0-1: Ball 1-1: Foul Ball, location: 2F 1-2: Ball 2-2: Ball 3-2: Foul Ball, location: 2F 3-2: Strikes out swinging
|
Batting: RHB Oliver Acevedo
|
0-0: Called Strike 0-1: Foul Ball, location: 2F 0-2: Strikes out swinging
|
Bottom of the 4th over - 0 run(s), 0 hit(s), 0 error(s), 0 left on base; Topeka 0 - Detroit 4 |
TOP OF THE 5TH |
Topeka Tornados batting - Pitching for Detroit X-Wings : LHP Keith Jennings
|
Batting: RHB Cho-yun Qiao
|
0-0: Ball 1-0: Swinging Strike 1-1: Called Strike 1-2: Fly out, F4 (Line Drive, 4M)
|
Batting: LHB Alfredo Sánchez
|
0-0: Ball 1-0: Called Strike 1-1: Called Strike 1-2: Ball 2-2: Strikes out looking
|
Batting: RHB Desi Thompson
|
0-0: Called Strike 0-1: Fly out, F9 (Line Drive, 89M)
|
Top of the 5th over - 0 run(s), 0 hit(s), 0 error(s), 0 left on base; Topeka 0 - Detroit 4 |
BOTTOM OF THE 5TH |
Detroit X-Wings batting - Pitching for Topeka Tornados : RHP Eric Hunt
|
Batting: LHB Paul Alston
|
0-0: Ground out 5-3 (Groundball, 56S)
|
Batting: RHB Júlio López
|
0-0: Called Strike 0-1: Ball 1-1: Ball 2-1: Called Strike 2-2: Ball 3-2: Base on Balls
|
Batting: RHB Gary Witt
|
0-0: Foul Ball, location: 2F 0-1: Foul Ball, location: 2F 0-2: Ground out 4-3 (Groundball, 34) Júlio López to second
|
Batting: LHB Juan Jose Pineda
|
0-0: Foul Ball, location: 2F 0-1: Ball 1-1: Foul Ball, location: 2F 1-2: Ball 2-2: Ball 3-2: Ground out 6-3 (Groundball, 6S)
|
Bottom of the 5th over - 0 run(s), 0 hit(s), 0 error(s), 1 left on base; Topeka 0 - Detroit 4 |
TOP OF THE 6TH |
Topeka Tornados batting - Pitching for Detroit X-Wings : LHP Keith Jennings
|
Batting: SHB Javier Peña
|
0-0: Called Strike 0-1: Ball 1-1: Ball 2-1: Called Strike 2-2: Strikes out swinging
|
Batting: SHB José González
|
0-0: Ball 1-0: Foul Ball, location: 2F 1-1: Ball 2-1: Ground out 6-3 (Groundball, 6M)
|
Batting: RHB Miguel García
|
0-0: Called Strike 0-1: Ball 1-1: DOUBLE (Line Drive, 7LS)
|
Batting: LHB José López
|
0-0: Ball 1-0: Fly out, F9 (Flyball, 89M)
|
Top of the 6th over - 0 run(s), 1 hit(s), 0 error(s), 1 left on base; Topeka 0 - Detroit 4 |
BOTTOM OF THE 6TH |
Detroit X-Wings batting - Pitching for Topeka Tornados : RHP Eric Hunt
|
Batting: RHB Robby Lewis
|
0-0: Ball 1-0: Ball 2-0: Ground out 3-1 (Groundball, 34)
|
Batting: RHB John Moore
|
0-0: DOUBLE (Line Drive, 78M)
|
Pitching: RHP Clark Edwards
|
|
Batting: RHB Jaime Contreras
|
0-0: Ball 1-0: Called Strike 1-1: Called Strike 1-2: Foul Ball, location: 2F 1-2: Strikes out looking
|
Batting: SHB Felipe Detorres
|
0-0: Ball 1-0: Foul Ball, location: 2F 1-1: Ball 2-1: Foul Ball, location: 2F 2-2: Foul Ball, location: 2F 2-2: Ball Balk! John Moore to third 3-2: Strikes out swinging
|
Bottom of the 6th over - 0 run(s), 1 hit(s), 0 error(s), 1 left on base; Topeka 0 - Detroit 4 |
TOP OF THE 7TH |
Topeka Tornados batting - Pitching for Detroit X-Wings : LHP Keith Jennings
|
Batting: LHB Ramón Pérez
|
0-0: Swinging Strike 0-1: Ball 1-1: SINGLE (Groundball, 4M) (infield hit)
|
Batting: RHB Bob Hall
|
0-0: Foul Ball, location: 2F 0-1: Foul Ball, location: 2F 0-2: Grounds into double play, 6-4-3 (Groundball, 6)
|
Batting: RHB Cho-yun Qiao
|
0-0: Called Strike 0-1: Ball 1-1: Called Strike 1-2: Foul Ball, location: 2F 1-2: Foul Ball, location: 2F 1-2: Foul Ball, location: 2F 1-2: Fly out, F8 (Flyball, 8LD)
|
Top of the 7th over - 0 run(s), 1 hit(s), 0 error(s), 0 left on base; Topeka 0 - Detroit 4 |
BOTTOM OF THE 7TH |
Detroit X-Wings batting - Pitching for Topeka Tornados : RHP Clark Edwards
|
Batting: RHB Oliver Acevedo
|
0-0: Ball 1-0: Ball 2-0: Ball 3-0: Swinging Strike 3-1: Swinging Strike 3-2: Strikes out swinging
|
Batting: LHB Paul Alston
|
0-0: Ball 1-0: Ball 2-0: Called Strike 2-1: SINGLE (Flyball, 8LS)
|
Batting: RHB Júlio López
|
0-0: Called Strike 0-1: Fly out, F4 (Line Drive, 4M)
|
Batting: RHB Gary Witt
|
0-0: Swinging Strike 0-1: Foul Ball, location: 2F 0-2: Fly out, F5 (Popup, 56S)
|
Bottom of the 7th over - 0 run(s), 1 hit(s), 0 error(s), 1 left on base; Topeka 0 - Detroit 4 |
TOP OF THE 8TH |
Topeka Tornados batting - Pitching for Detroit X-Wings : LHP Keith Jennings
|
Batting: LHB Alfredo Sánchez
|
0-0: SINGLE (Line Drive, 4MD)
|
Batting: RHB Desi Thompson
|
0-0: Ball 1-0: Called Strike 1-1: Swinging Strike 1-2: Ball 2-2: Strikes out swinging
|
Pitching: LHP Richard Dorris
|
|
Batting: SHB Javier Peña
|
0-0: Ball 1-0: Foul Ball, location: 2F 1-1: Ball 2-1: Ball 3-1: Base on Balls Alfredo Sánchez to second
|
Batting: SHB José González
|
0-0: Ball 1-0: Called Strike 1-1: Foul Ball, location: 2F 1-2: Ball 2-2: Foul Ball, location: 2F 2-2: Strikes out swinging
|
Pitching: RHP Gerardo García
|
|
Batting: RHB Miguel García
|
0-0: Ball 1-0: Ball 2-0: Ball 3-0: Base on Balls Alfredo Sánchez to third Javier Peña to second
|
Pitching: LHP Javier Duarte
|
|
Batting: LHB José López
|
0-0: Foul Ball, location: 2F 0-1: Ball 1-1: Called Strike 1-2: Foul Ball, location: 2F 1-2: Foul Ball, location: 2F 1-2: Strikes out swinging
|
Top of the 8th over - 0 run(s), 1 hit(s), 0 error(s), 3 left on base; Topeka 0 - Detroit 4 |
BOTTOM OF THE 8TH |
Detroit X-Wings batting - Pitching for Topeka Tornados : RHP Clark Edwards
|
Batting: LHB Juan Jose Pineda
|
0-0: Called Strike 0-1: Called Strike 0-2: Foul Ball, location: 2F 0-2: Ball 1-2: Strikes out looking
|
Batting: RHB Robby Lewis
|
0-0: Fly out, F4 (Popup, 4S)
|
Batting: RHB John Moore
|
0-0: Foul Ball, location: 2F 0-1: Ball 1-1: Foul Ball, location: 2F 1-2: Ball 2-2: Ball 3-2: Foul Ball, location: 2F 3-2: Base on Balls
|
Batting: RHB Jaime Contreras
|
0-0: Ground out 4-3 (Groundball, 4MS)
|
Bottom of the 8th over - 0 run(s), 0 hit(s), 0 error(s), 1 left on base; Topeka 0 - Detroit 4 |
TOP OF THE 9TH |
Topeka Tornados batting - Pitching for Detroit X-Wings : LHP Javier Duarte
|
Batting: LHB Ramón Pérez
|
0-0: Called Strike 0-1: Ball 1-1: Called Strike 1-2: Strikes out swinging
|
Batting: RHB Bob Hall
|
0-0: Swinging Strike 0-1: Called Strike 0-2: Strikes out swinging
|
Batting: RHB Cho-yun Qiao
|
0-0: Foul Ball, location: 2F 0-1: Ball 1-1: Ball 2-1: Foul Ball, location: 2F 2-2: Fly out, F8 (Flyball, 8RM)
|
Top of the 9th over - 0 run(s), 0 hit(s), 0 error(s), 0 left on base; Topeka 0 - Detroit 4 |
|